 Dungeon Crawl Stone Soup version 0.32-a0-540-g866d13106e (webtiles) character file.

Game seed: 12773824137014131810

10285 lunkers the Carver (level 11, -3/89 HPs)
             Began as a Coglin Brigand on Feb 28, 2024.
             Was a High Priest of Okawaru.
             Slain by a yak (9 damage)
             ... on level 11 of the Dungeon.
             The game lasted 00:21:56 (11318 turns).

lunkers the Carver (Coglin Brigand)                Turns: 11318, Time: 00:21:56

Health: -3/89      AC: 13    Str: 16    XL:     11   Next: 59%
Magic:  13/14      EV: 15    Int: 13    God:    Okawaru [*****.]
Gold:   817        SH:  5    Dex: 16    Spells: 10/10 levels left

rFire   + . .        F - +1 long sword {Ilshubani}
rCold   + . .        G - +8 scimitar of Adaasoup {speed, Int+3}
rNeg    . . .        H - +3 ring mail {rPois}
rPois   +            (no helmet)
rElec   .            y - scarf {rC+ rF+}
rCorr   .            q - +0 pair of gloves
SInv    .            A - +1 pair of boots {Stlth+}
Will    .....        h - amulet of reflection
Stlth   ++++         (ring unavailable)
HPRegen 0.34/turn    (ring unavailable)
MPRegen 0.14/turn

%: reflection
@: heroic, spiked, revved
A: off-hand wielding, slow wielding, warmup strikes, no rings
a: Renounce Religion, Heroism, Finesse, Duel


You were on level 11 of the Dungeon.
You worshipped Okawaru.
Okawaru was extremely pleased with you.
You visited 2 branches of the dungeon, and saw 12 of its levels.
You also visited: Sewer.

You collected 817 gold pieces.

Inventory:

Hand Weapons
 a - a +2 dagger {Eunkyung}
 g - a +2 dagger of venom {Santiago}
 w - a +1 heavy long sword {Masaaki}
 F - a +1 long sword (weapon) {Ilshubani}
 G - the +8 scimitar of Adaasoup (offhand) {speed, Int+3}
   (You acquired it on level 8 of the Dungeon)

   Int+3:     It affects your intelligence (+3).
Missiles
 d - 36 poisoned darts
 e - 2 curare-tipped darts
 p - 5 atropa-tipped darts
Armour
 c - a +0 cloak
 q - a +0 pair of gloves (worn)
 y - a scarf of resistance (worn)
 A - a +1 pair of boots of stealth (worn)
 H - a +3 ring mail of poison resistance (worn)
Jewellery
 h - an amulet of reflection (around neck)
 M - an amulet of magic regeneration
Wands
 C - a wand of quicksilver (8)
 D - a wand of roots (11)
 E - a wand of paralysis (11)
 K - a wand of polymorph (5)
 L - a wand of flame (8)
Scrolls
 f - 2 scrolls of fog
 k - 3 scrolls of teleportation
 r - a scroll of poison
 s - 4 scrolls of brand weapon
 t - a scroll of fear
 x - 2 scrolls of enchant armour
 B - 2 scrolls of immolation
 J - 2 scrolls of amnesia
Potions
 b - 3 potions of lignification {unknown}
 i - 5 potions of invisibility
 j - a potion of heal wounds {unknown}
 l - 2 potions of haste
 m - 2 potions of curing
 n - 3 potions of attraction {unknown}
 o - 3 potions of mutation {unknown}
 u - 4 potions of brilliance
 v - 2 potions of ambrosia {unknown}
 z - a potion of magic {unknown}
 N - a potion of resistance {unknown}


   Skills:
 + Level 9.0(14.0) Fighting
 - Level 6.0(13.5) Short Blades
 + Level 10.2(16.0) Long Blades
 - Level 1.7(6.7) Throwing
 + Level 4.1(9.1) Armour
 + Level 4.3(9.3) Dodging
 - Level 3.2(8.2) Stealth
 - Level 5.0 Invocations
 + Level 5.9 Evocations


You had 10 spell levels left.
You didn't know any spells.
Your spell library contained the following spells:

 Spells                   Type           Power      Damage    Failure   Level
 Sandblast                Erth           0%         2d4       45%         1
 Ensorcelled Hibernation  Hex/Ice        0%         N/A       61%         2
 Mercury Vapours          Alch/Air       0%         N/A       61%         2
 Dazzling Flash           Conj/Hex       0%         N/A       83%         3
 Fugue of the Fallen      Necr           0%         N/A       83%         3
 Mephitic Cloud           Conj/Alch/Air  0%         N/A       83%         3
 Passwall                 Erth           0%         N/A       83%         3
 Stone Arrow              Conj/Erth      0%         3d7       83%         3
 Anguish                  Hex/Necr       0%         N/A       99%         4
 Brom's Barrelling Bould  Conj/Erth      0%         2d3       99%         4
 Borgnjor's Vile Clutch   Necr/Erth      0%         N/A       100%        5
 Curse of Agony           Necr           0%         N/A       100%        5
 Freezing Cloud           Conj/Ice/Air   0%         6-21      100%        5
 Silence                  Hex/Air        0%         N/A       100%        5
 Lehudib's Crystal Spear  Conj/Erth      0%         10d2      100%        8
 Animate Armour           Summ/Erth      Unusable   N/A       N/A         4
 Animate Dead             Necr           Unusable   N/A       N/A         4
 Death Channel            Necr           Unusable   N/A       N/A         6

Dungeon Overview and Level Annotations

Branches:
Dungeon (11/15)            Temple (1/1) D:4            Lair (0/5) D:9
    Orc (0/2) D:9           Sewer (visited)

Altars:
Ashenzari
Cheibriados
Dithmenos
Elyvilon
Fedhas
Gozag
Hepliaklqana
Kikubaaqudgha
Makhleb
Nemelex Xobeh
Okawaru
Qazlal
Ru
Sif Muna
Trog
Uskayaw
Vehumet
Wu Jian
Xom
Yredelemnul
Zin
The Shining One
Beogh

Shops:
D:10 *


Innate Abilities, Weirdness & Mutations

You can wield a second weapon in your off-hand.
It takes a long time for you to wield or remove held weapons.
Your first few attacks do less damage.
Your grasper-arms cannot wear rings.


Message History

You hit the yak with the +8 scimitar of Adaasoup.
The yak is almost dead.
You slash the yak with your +1 long sword!
You kill the yak!
Okawaru accepts your kill.
Your base Fighting skill increases to level 9!
Your base Armour skill increases to level 4!
Unknown command.
You slash the manticore with your +1 long sword!
The manticore is moderately wounded.
You slash the manticore with the +8 scimitar of Adaasoup!
The manticore closely misses you. The manticore barely misses you.
The manticore misses you.
You barely miss the manticore with your +1 long sword.
The manticore is heavily wounded.
You slice the manticore with the +8 scimitar of Adaasoup!!
You slash the manticore with your +1 long sword!
The manticore is almost dead.
You hit the manticore with the +8 scimitar of Adaasoup.
You kill the manticore!
Okawaru accepts your kill.
You hit the yak with the +8 scimitar of Adaasoup.
The yak is lightly wounded.
You slash the yak with your +1 long sword!
You barely miss the yak with the +8 scimitar of Adaasoup.
The yak is moderately wounded.
You hit the yak with your +1 long sword.
The yak completely misses you.
You slash the yak with the +8 scimitar of Adaasoup!
The yak is severely wounded.
You hit the yak with your +1 long sword.
The yak gores you!
* * * LOW HITPOINT WARNING * * *
You hit the yak with the +8 scimitar of Adaasoup.
You kill the yak!
Okawaru accepts your kill.
The barbed spikes dig painfully into your body as you move.
* * * LOW HITPOINT WARNING * * *
The yak gores you!
You die...

........... ...........
.......... #....)....
#......... #.......!.
#.........
############.........
...........@Y........
.........############
########.# #. #.# #.
###########>##################.
...............................
..........##########...........
########..# #........... #..#
#...........


You could see a yak.

Vanquished Creatures
  The ghost of partyrob117 the Fighter, a novice MiBe of Trog (D:6)
  Lodul (D:10)
  A manticore (D:11)
  A kobold demonologist (D:10)
  A troll (D:10)
  A glass eye (shapeshifter) (D:9)
  A shadow (D:9)
  Sigmund (D:3)
  A vampire (D:8)
  6 yaks
  5 wyverns (D:9)
  Menkaure (D:4)
  6 water moccasins
  2 acid dragons (D:10)
  Pargi (D:4)
  6 orc warriors
  An ice beast (D:5)
  2 black bears
  2 sky beasts
  9 ogres
  3 centaurs
  A phantom (D:6)
  3 bullfrogs
  A gnoll sergeant (D:7)
  2 kobold brigands (D:9)
  4 scorpions
  7 wights
  14 killer bees
  A howler monkey (D:9)
  5 jellies
  Crazy Yiuf (D:6)
  A bombardier beetle (D:4)
  3 hounds
  6 orc priests
  A sleepcap (D:7)
  4 iguanas
  14 orc wizards
  11 gnolls
  7 adders
  2 ufetubi (D:5)
  2 ribbon worms
  61 orcs
  9 bats
  16 endoplasms
  8 giant cockroaches
  4 goblins
  11 hobgoblins
  8 jackals
  2 quokkas
  16 ball pythons
  4 frilled lizards
  17 kobolds
  7 rats
306 creatures vanquished.

Notes
Turn   | Place    | Note
-------+----------+-------------------------------------------
     0 | D:1      | lunkers the Coglin Brigand began the quest for the Orb.
     0 | D:1      | Reached XP level 1. HP: 16/16 MP: 1/1
   136 | D:1      | Reached XP level 2. HP: 22/22 MP: 2/2
   470 | D:1      | Reached XP level 3. HP: 27/27 MP: 3/3
  1356 | D:2      | Reached XP level 4. HP: 22/33 MP: 4/4
  1606 | D:2      | Noticed a black bear
  1623 | D:2      | Killed a black bear
  1624 | D:2      | Reached skill level 5 in Short Blades
  1624 | D:2      | Reached XP level 5. HP: 3/38 MP: 5/5
  1888 | D:3      | Noticed Sigmund
  1916 | D:3      | Killed Sigmund
  1917 | D:3      | Reached skill level 1 in Long Blades
  1917 | D:3      | Reached XP level 6. HP: 10/44 MP: 6/6
  2322 | D:3      | Reached skill level 2 in Long Blades
  3092 | D:4      | Reached XP level 7. HP: 38/50 MP: 7/7
  3146 | D:4      | Reached skill level 3 in Long Blades
  3285 | D:4      | Noticed Menkaure
  3294 | D:4      | Killed Menkaure
  3295 | D:4      | Reached skill level 4 in Long Blades
  3420 | D:4      | Noticed Pargi
  3433 | D:4      | Killed Pargi
  3434 | D:4      | Reached skill level 5 in Long Blades
  3551 | D:4      | Reached XP level 8. HP: 53/56 MP: 8/8
  3596 | D:4      | Found a staircase to the Ecumenical Temple.
  3619 | D:4      | Found a sparkling altar of Nemelex Xobeh.
  3621 | D:4      | Found a hazy altar of Hepliaklqana.
  3660 | Temple   | Entered the Ecumenical Temple
  3704 | Temple   | Became a worshipper of Warmaster Okawaru
  3987 | D:4      | Reached skill level 6 in Long Blades
  4186 | D:5      | Entered Level 5 of the Dungeon
  4385 | D:5      | Found a glowing drain.
  4398 | Sewer    | Entered a sewer
  4708 | Sewer    | Found a viscous altar of Jiyva.
  4904 | D:5      | Reached skill level 1 in Invocations
  5549 | D:6      | Found a runed translucent gate.
  5550 | D:6      | Found a runed translucent gate.
  5551 | D:6      | Identified the +2 chain mail "Xusmugef" {Str+2 Int+5}
  5552 | D:6      | Found a runed translucent gate.
  5552 | D:6      | Noticed partyrob117's ghost (novice MiBe)
  5555 | D:6      | Found a roughly hewn altar of Beogh.
  5585 | D:6      | Found a runed translucent door.
  5586 | D:6      | Noticed Crazy Yiuf
  5715 | D:6      | Reached * piety under Okawaru
  6043 | D:6      | Reached XP level 9. HP: 58/66 MP: 11/11
  6079 | D:6      | Reached skill level 7 in Long Blades
  6092 | D:6      | Reached skill level 5 in Fighting
  6557 | D:6      | Killed partyrob117's ghost
  6557 | D:6      | Reached ** piety under Okawaru
  6560 | D:6      | Reached skill level 8 in Long Blades
  6595 | D:6      | Identified the +0 pair of boots of the Raven {Dex+5}
  6730 | D:6      | Killed Crazy Yiuf
  7097 | D:7      | Reached *** piety under Okawaru
  7098 | D:7      | Reached skill level 5 in Invocations
  7098 | D:7      | Reached XP level 10. HP: 77/77 MP: 13/13
  7634 | D:7      | Identified the +10 mace "Woogreub" {vamp, Str+4}
  7842 | D:7      | Reached skill level 9 in Long Blades
  8135 | D:8      | Noticed a skeletal warrior
  8159 | D:8      | Noticed a tengu warrior
  8205 | D:8      | Noticed a five-headed hydra
  8205 | D:8      | Noticed a tengu warrior
  8206 | D:8      | Noticed a deep elf pyromancer
  8227 | D:8      | Noticed a deep elf pyromancer
  8287 | D:8      | Reached skill level 1 in Dodging
  8445 | D:8      | Reached skill level 1 in Evocations
  8665 | D:8      | Reached skill level 1 in Armour
  8849 | D:8      | Identified a scroll of acquirement
  8849 | D:8      | Acquired the +8 scimitar of Adaasoup {speed, Int+3}
  9038 | D:9      | Reached **** piety under Okawaru
  9282 | D:9      | Found a staircase to the Lair.
  9432 | D:9      | Reached XP level 11. HP: 71/87 MP: 14/14
  9485 | D:9      | Reached ***** piety under Okawaru
  9848 | D:9      | Found a staircase to the Orcish Mines.
 10141 | D:10     | Entered Level 10 of the Dungeon
 10191 | D:10     | Noticed Lodul
 10213 | D:10     | Reached skill level 5 in Evocations
 10215 | D:10     | Killed Lodul
 10216 | D:10     | Reached skill level 10 in Long Blades
 10386 | D:10     | Received a gift from Okawaru
 10771 | D:10     | Found an ornate altar of the Wu Jian Council.
 10943 | D:10     | Found Sianniriru's Changing Room.
 11279 | D:11     | Noticed a manticore
 11313 | D:11     | Killed a manticore
 11318 | D:11     | Slain by a yak

Illustrated notes

Levels and vault maps discovered:
D:1:      amcnicky_arrival_gap_in_the_tavern_cellar, layout_basic,
          item_on_display_b
D:2:      layout_basic, kennysheep_decorative_pillar, kennysheep_generic_room_16
D:3:      layout_basic, kennysheep_donut, minmay_liquid_box,
          lightli_corner_chamber, uniq_sigmund
D:4:      layout_basic, gammafunk_temple_overflow_wave,
          minmay_temple_entry_mini_moons, uniq_pargi, uniq_menkaure
D:5:      layout_loops_ring, cheibrodos_sewer_entry_sluice
D:6:      minmay_chambers_of_threes, layout_basic, biasface_ghost_orc_armoury,
          uniq_crazy_yiuf_cottage
D:7:      layout_basic
D:8:      layout_loops_cross, minivault_12
D:9:      layout_irregular_city, minmay_lair_entry_grove, hiddenorc2_lemuel
D:10:     layout_long_grid, pdpol_wu_jian_five_deadly_venoms,
          serial_co_window_serial, co_window_of_opportunity_a,
          co_window_of_opportunity_a, co_window_paths_b, co_window_paths_b,
          co_window_corner_a, co_window_paths_c, co_window_paths_c,
          co_window_paths_c, co_window_broadway_c, co_window_broadway_a,
          co_window_of_opportunity_b, glass_columns_a, glass_columns_b,
          glass_columns_c, glass_columns_b, glass_columns_a,
          nicolae_transmutations_shop, uniq_lodul
D:11:     layout_long_grid, cheibrodos_ashenzari_chains
Temple:   hellmonk_temple_of_storms

Skill      XL: |  1  2  3  4  5  6  7  8  9 10 11 |
---------------+----------------------------------+-----
Short Blades   | 2 3 5 6 |  6.0
Long Blades    | 1 2 5 6 8 9 10 | 10.2
Invocations    | 3 5 |  5.0
Fighting       | 4 6 8 9 |  9.0
Dodging        | 3 4 |  4.3
Evocations     | 4 5 |  5.9
Armour         | 2 4 |  4.1
Throwing       | |  1.7
Stealth        | |  3.2

Action                     |  1- 3 |  4- 6 |  7- 9 | 10-12 || total
---------------------------+-------+-------+-------+-------++-------
  Melee: Dagger            |   163 |   115 |   226 |    51 ||   555
         Long sword        |       |    51 |   243 |   292 ||   586
         Scimitar          |       |       |       |   195 ||   195
  Throw: Dart              |       |     3 |       |       ||     3
 Invoke: Heroism           |       |       |     2 |     4 ||     6
  Evoke: Wand              |       |       |       |     1 ||     1
    Use: Scroll            |       |       |    14 |     4 ||    18
   Stab: Sleeping          |     9 |     5 |    12 |     4 ||    30
         Distracted        |     1 |       |       |     1 ||     2
 Armour: Robe              |    54 |       |       |       ||    54
         Ring mail         |       |    69 |   174 |   169 ||   412
  Dodge: Dodged            |    54 |    40 |   129 |   145 ||   368
  Block: Other             |    10 |    14 |    53 |    45 ||   122
         Reflection        |       |       |     1 |       ||     1

Table legend: (Time is in decaauts)
 A = Elapsed time spent in this place.
 B = Non-inter-level travel time spent in this place.
 C = Inter-level travel time spent in this place.
 D = Time resting spent in this place.
 E = Time spent auto-exploring this place.
 F = Levels seen in this place.
 G = Mean time per level.
                   A        B        C        D        E       F      G
               +--------+--------+--------+--------+--------+-----+--------+
         Total |  11244 |  10920 |    324 |     36 |   8977 |  13 |  864.9 |
       Dungeon |  10762 |  10449 |    313 |     36 |   8697 |  11 |  978.4 |
        Temple |     68 |     57 |     11 |      0 |      0 |   1 |   68.0 |
         Sewer |    412 |    412 |      0 |      0 |    280 |   1 |  412.0 |
               +--------+--------+--------+--------+--------+-----+--------+

Top non-repeatable levels by time:
     D:6: 1402 daAuts
     D:9: 1229 daAuts
     D:7: 1175 daAuts
     D:3: 1169 daAuts
    D:10: 1083 daAuts
     D:4: 1062 daAuts
     D:1: 956 daAuts
     D:2: 893 daAuts
     D:5: 858 daAuts
     D:8: 854 daAuts
   Sewer: 412 daAuts
    D:11: 77 daAuts
  Temple: 68 daAuts
